 Dungeon Crawl Stone Soup version 0.26.1-2-gb8aa6d0cf2 (webtiles) character file.

Game seed: 17495389644172483630

3514 jlumianski the Cleaver (level 9, -3/80 HPs)
             Began as a Palentonga Fighter on Feb 15, 2021.
             Was a Priest of Okawaru.
             Slain by a two-headed ogre
             ... wielding a +0 giant club
              (20 damage)
             ... on level 8 of the Dungeon.
             The game lasted 00:35:29 (10526 turns).

jlumianski the Cleaver (Palentonga Fighter)        Turns: 10526, Time: 00:35:29

Health: -3/80      AC: 20    Str: 22    XL:     9   Next: 81%
Magic:  0/9        EV:  5    Int:  9    God:    Okawaru [***...]
Gold:   499        SH: 10    Dex: 10    Spells: 8/8 levels left

rFire    . . .     SeeInvis +   a - +1 war axe
rCold    . . .     Faith    .   c - +0 kite shield
rNeg     + . .     Spirit   +   i - +0 chain mail
rPois    .         Reflect  .   (no helmet)
rElec    .         Harm     .   v - +0 cloak
rCorr    .         Rampage  .   y - +2 pair of gloves {archery}
Will     .....                  (no barding)
Stlth    ..........             h - amulet of guardian spirit
HPRegen  0.23/turn              m - ring of positive energy
MPRegen  0.11/turn              (no ring)

@: curled up
A: large, rugged brown scales 3, see invisible, deformed body, roll 1, armoured
tail, reflexive curl
a: Rolling Charge, Renounce Religion, Heroism


You were on level 8 of the Dungeon.
You worshipped Okawaru.
Okawaru was most pleased with you.
You visited 2 branches of the dungeon, and saw 10 of its levels.
You also visited: Ossuary.

You collected 499 gold pieces.

Inventory:

Hand Weapons
 a - a +1 war axe (weapon)
 R - a +5 spear of freezing
Missiles
 q - 3 javelins
 s - 13 boomerangs (quivered)
 t - 2 boomerangs of dispersal
 D - 5 silver boomerangs
 S - 3 poisoned darts
Armour
 c - a +0 kite shield (worn)
 i - a +0 chain mail (worn)
 v - a +0 cloak (worn)
 y - a +2 pair of gloves of archery (worn)
Jewellery
 h - an amulet of guardian spirit (around neck)
 m - a ring of positive energy (left hand)
Wands
 L - a wand of disintegration (8)
 Q - a wand of digging (7)
Scrolls
 w - 2 scrolls of remove curse
 x - 3 scrolls of blinking
 C - 2 scrolls of magic mapping
 G - 4 scrolls of identify
 K - a scroll of fog
 M - a scroll of fear
Potions
 d - 3 potions of might
 f - 3 potions of haste
 j - a potion of curing
 k - a potion of flight
 N - a potion of magic


   Skills:
 + Level 5.9 Fighting
 + Level 9.6 Axes
 + Level 1.1 Throwing
 + Level 5.8 Armour
 + Level 1.2 Dodging
 + Level 0.4 Stealth
 + Level 5.3 Shields


You had 8 spell levels left.
You didn't know any spells.
Your spell library contained the following spells:

 Spells                   Type           Power        Failure   Level
 Animate Skeleton         Necr           0%           100%        1
 Pain                     Necr           0%           100%        1
 Vampiric Draining        Necr           0%           100%        3
 Animate Dead             Necr           0%           100%        4
 Agony                    Necr           0%           100%        5


Dungeon Overview and Level Annotations

Branches:
Dungeon (9/15)             Temple (1/1) D:6            Lair (0/6) D:8
Ossuary (visited)
    Orc: D:9-12

Altars:
Cheibriados
Elyvilon
Gozag
Kikubaaqudgha
Makhleb
Okawaru
Ru
Sif Muna
Wu Jian
Xom
Zin

Shops:
D:6 (   D:8 :

Annotations:
D:9 Maggie


Innate Abilities, Weirdness & Mutations

You are completely covered in rugged brown scales. (AC +3, +7% HP)
You have supernaturally acute eyesight. (SInv)
Armour fits poorly on your strangely shaped body.
You can roll at nearby foes to attack.
You have a long armoured tail.
You curl defensively after being hit.


Message History

Things that are here:
a +0 dagger; an orc skeleton
Things that are here:
an orc skeleton; an orc skeleton
There is an open door here.
You barely miss the two-headed ogre. You block the two-headed ogre's attack.
The two-headed ogre hits you with a +0 giant club!
You slash the two-headed ogre!
The two-headed ogre is moderately wounded.
The two-headed ogre hits you with a +0 giant club!
* * * LOW HITPOINT WARNING * * *
You block the two-headed ogre's attack.
You slash the two-headed ogre!
The two-headed ogre is moderately wounded.
You block the two-headed ogre's attack.
The two-headed ogre hits you with a +0 giant club!
* * * LOW HITPOINT WARNING * * *
You feel better.
The two-headed ogre hits you with a +0 giant club!!
You die...

.......#....#..........#.........
...##..#....############.........
...#####....................####.
.......#..........[.........#..#.
.......#....................#.<'.
.......#....................+..#.
..###.##....................####.
..###.#...[....######.....#######
......#..(>รท...O@...#.[.[.#......
.....)'..)[)...#....#.)...#......
......#........######)<...'......
......#...................#####..
..##..#...................#..##..
.o#####...................#......
..........................#......
..........................+..##..
..##'#.####...............#..##..


You could see a two-headed ogre.

Vanquished Creatures
  A cyclops (D:8)
  A troll (D:8)
  An orc warrior (D:7)
  A black bear (D:5)
  2 sky beasts
  A necrophage (D:7)
  3 ogres (D:8)
  An elf zombie (Ossuary)
  A big kobold (D:8)
  4 bullfrogs
  5 scorpions
  3 wights
  A quasit (D:7)
  2 human zombies (Ossuary)
  3 jellies
  4 orc priests
  Crazy Yiuf (D:4)
  6 hounds
  A bullfrog skeleton (D:4)
  2 iguanas
  11 orc wizards
  4 worker ants
  A big kobold zombie (Ossuary)
  A hound zombie (D:5)
  A hound skeleton (D:5)
  2 mummies (Ossuary)
  3 worker ant zombies
  5 gnolls
  10 adders
  2 shadow imps (D:5)
  3 white imps
  An ooze (D:4)
  3 adder zombies (Ossuary)
  4 adder skeletons
  5 worms
  2 dart slugs (D:3)
  4 leopard geckos
  34 orcs
  4 bats
  5 giant cockroaches
  5 goblins
  2 hobgoblins
  16 jackals
  13 kobolds
  5 quokkas
  A ball python (D:4)
  5 frilled lizards
  7 hobgoblin zombies (Ossuary)
  2 jackal zombies
  10 kobold zombies (Ossuary)
  A leopard gecko zombie (D:5)
  11 orc zombies (Ossuary)
  A quokka skeleton (D:6)
  A quokka zombie (D:8)
  7 rats
236 creatures vanquished.

Notes
Turn   | Place    | Note
-------+----------+-------------------------------------------
     0 | D:1      | jlumianski the Palentonga Fighter began the quest for the
                  | Orb.
     0 | D:1      | Reached XP level 1. HP: 20/20 MP: 1/1
   224 | D:2      | Reached XP level 2. HP: 26/27 MP: 2/2
   804 | D:1      | Reached XP level 3. HP: 31/33 MP: 3/3
  2229 | D:3      | Found an ancient bone altar of Kikubaaqudgha.
  2520 | D:3      | Found a snail-covered altar of Cheibriados.
  2689 | D:3      | Reached XP level 4. HP: 36/40 MP: 4/4
  2695 | D:3      | Reached skill level 3 in Axes
  3430 | D:4      | Found a runed translucent door.
  3431 | D:4      | Noticed Crazy Yiuf
  3440 | D:4      | Killed Crazy Yiuf
  3441 | D:4      | Reached XP level 5. HP: 48/48 MP: 5/5
  3497 | D:4      | You are sucked into a shaft and drop 1 floor!
  3497 | D:5      | Entered Level 5 of the Dungeon
  3509 | D:5      | Reached skill level 4 in Axes
  3597 | D:5      | Found a shimmering altar of Xom.
  3627 | D:5      | Reached XP level 6. HP: 23/54 MP: 4/6
  3920 | D:5      | Reached skill level 5 in Axes
  4012 | D:5      | Found a sand-covered staircase.
  4022 | Ossuary  | Entered an ossuary
  4228 | Ossuary  | Gained mutation: You curl defensively after being hit.
                  | [Palentonga growth]
  4228 | Ossuary  | Reached XP level 7. HP: 28/62 MP: 2/7
  4240 | Ossuary  | Reached skill level 6 in Axes
  4835 | D:4      | Got a slimy leather armour
  6307 | D:6      | Reached skill level 7 in Axes
  6307 | D:6      | Reached XP level 8. HP: 57/70 MP: 6/8
  6485 | D:6      | Found Imofaef's Weapon Boutique.
  6487 | D:6      | Found an opulent altar of Gozag.
  6842 | D:6      | Found a staircase to the Ecumenical Temple.
  6857 | Temple   | Entered the Ecumenical Temple
  6863 | Temple   | Became a worshipper of Warmaster Okawaru
  6939 | D:6      | Found an iron altar of Okawaru.
  7032 | D:6      | Found a glowing silver altar of Zin.
  7032 | D:6      | Noticed an angel
  7096 | D:6      | Found a burning altar of Makhleb.
  7098 | D:6      | Noticed a balrug
  7102 | D:6      | Noticed a smoke demon
  7102 | D:6      | Noticed a smoke demon
  7499 | D:7      | Reached * piety under Okawaru
  7614 | D:7      | Reached skill level 5 in Fighting
  7614 | D:7      | Reached skill level 8 in Axes
  7614 | D:7      | Reached skill level 1 in Dodging
  7823 | D:7      | Reached XP level 9. HP: 66/79 MP: 7/9
  8146 | D:8      | Reached ** piety under Okawaru
  8155 | D:8      | Reached skill level 5 in Armour
  8589 | D:8      | Reached skill level 1 in Throwing
  8714 | D:8      | Reached skill level 9 in Axes
  9165 | D:8      | Reached skill level 5 in Shields
  9320 | D:8      | Found Kyfiyroupn's Book Boutique.
  9449 | D:8      | Found a staircase to the Lair.
  9713 | D:9      | Noticed a troll
  9911 | D:9      | Noticed Maggie
  9919 | D:8      | Killed a troll
 10032 | D:9      | Noticed a cyclops
 10114 | D:8      | Killed a cyclops
 10298 | D:9      | Noticed a two-headed ogre
 10479 | D:7      | Reached *** piety under Okawaru
 10526 | D:8      | Slain by a two-headed ogre

Illustrated notes

Levels and vault maps discovered:
D:1:      dpeg_arrival_boxes_within_box, layout_basic, minmay_bisected
D:2:      layout_basic, minmay_misc_feat_four_crosses
D:3:      layout_loops_ring, nicolae_overflow_crystal_walls,
          kiku_gazebo_garden_becter, portal_sewer_entry_e,
          amcnicky_mini_corridor_feature
D:4:      minmay_angry_zag, layout_loops_ring, uniq_crazy_yiuf_cottage
D:5:      layout_basic, lemuel_crystal_altar, enter_ossuary_1
D:6:      hangedman_cross_stitches, layout_loops_ring,
          nicolae_gozag_cash_rules_everything_around_me, zin_angel,
          makhleb_altar_promises_db, minmay_temple_entry_slanted, serial_shops,
          nicolae_shop_statue_plus, okawaru_metal_pillars_1_2
D:7:      minmay_flawed_box, layout_cave_pools
D:8:      layout_gridville, lair_entry_dummy, serial_shops,
          kennysheep_little_box
D:9:      layout_cave_pools, hiddenorc1_lemuel, serial_shops, shop_coins,
          xom_shifter_show, uniq_maggie
Temple:   eino_temple_rhombus

Skill      XL: |  1  2  3  4  5  6  7  8  9 |
---------------+----------------------------+-----
Armour         | 3 4 5 |  5.8
Axes           | 3 4 5 7 8 9 |  9.6
Shields        | 3 4 5 |  5.3
Fighting       | 4 5 |  5.9
Dodging        | 1 |  1.2
Throwing       | 1 |  1.1
Stealth        | |  0.4

Action                   |  1- 3 |  4- 6 |  7- 9 || total
-------------------------+-------+-------+-------++-------
Melee: War axe           |   142 |   142 |   477 ||   761
       Tailslap          |    13 |    22 |    56 ||    91
Throw: Stone             |     8 |       |     3 ||    11
       Boomerang         |       |       |     5 ||     5
 Abil: Rolling Charge    |    19 |    12 |    45 ||    76
  Use: Scroll            |     6 |     3 |     7 ||    16
       Potion            |       |     4 |    10 ||    14
Armor: Scale mail        |    66 |     9 |       ||    75
       Chain mail        |       |    91 |   367 ||   458
       Skin              |       |       |     3 ||     3
Dodge: Dodged            |    32 |    22 |    99 ||   153
Block: Kite shield       |    64 |    84 |   283 ||   431
